 Dungeon Crawl Stone Soup version 0.31-a0-182-gc5ef74bbde (webtiles) character file.

Game seed: 17977633914876989541

97 qw the Shooter (level 4, 0/40 (42) HPs)
             Began as a Naga Hunter on June 20, 2023.
             Slain by an orc
             ... wielding a +0 hand axe
              (5 damage)
             ... on level 3 of the Dungeon.
             The game lasted 00:00:36 (1779 turns).

qw the Shooter (Naga Hunter)                        Turns: 1779, Time: 00:00:36

HP:   0/40 (42)     AC:  3    Str: 13    XL:     4   Next: 68%
MP:   4/4           EV:  9    Int:  9    God:
Gold: 202           SH:  0    Dex: 17    Spells: 3/3 levels left

rFire   . . .        Y - +0 shortbow
rCold   . . .        (shield currently unavailable)
rNeg    . . .        c - +0 leather armour
rPois   +            d - +0 helmet
rElec   .            (no cloak)
rCorr   .            (no gloves)
SInv    +            (no barding)
Will    .....        g - amulet of regeneration
Stlth   ++           (no ring)
HPRegen 1.06/turn    (no ring)
MPRegen 0.09/turn

%: no passive effects
@: short of breath, lightly drained, very slow
A: AC +1, large, see invisible, deformed body, poison resistance, slowness 2,
spit poison 1, naga tail 1
a: Spit Poison


You were on level 3 of the Dungeon.
You visited 1 branch of the dungeon, and saw 3 of its levels.

You collected 202 gold pieces.


Innate Abilities, Weirdness & Mutations

Your serpentine skin is tough. (AC +1)
You have supernaturally acute eyesight. (SInv)
Armour fits poorly on your strangely shaped body.
Your system is resistant to poisons. (rPois)
You cover ground very slowly.
You can spit poison.
You have a snake-like lower body.


   Skills:
 - Level 3.0 Fighting
 + Level 5.0 Ranged Weapons
 - Level 1.5 Dodging
 - Level 1.5 Stealth


You had 3 spell levels left.
You didn't know any spells.
Your spell library was empty.

Inventory:

Hand Weapons
 Y - a +0 shortbow (weapon)
Armour
 c - a +0 leather armour (worn)
 d - a +0 helmet (worn)
Jewellery
 g - an amulet of regeneration (around neck)
Scrolls
 i - a scroll of identify
Potions
 a - a potion of enlightenment
 b - a potion of mutation {unknown}
 e - a potion of berserk rage {unknown}
 f - a potion of resistance {unknown}
 h - a potion of degeneration {unknown}
 j - a potion of magic {unknown}
 k - a potion of invisibility {unknown}

Dungeon Overview and Level Annotations

Branches:
Dungeon (3/15)

Altars:

Shops:
D:1 =

Annotations:
D:3 Jessica


Message History

The orc wizard is severely wounded.
The orc wizard points at you and mumbles some strange words.
You are confused.
An orc wizard comes into view.
It is wielding a +0 dagger of draining and wearing a +1 robe of cold resistance.
The orc closely misses you.
The orc wizard hits you with a +2 dagger of draining.
You feel drained.
The orc wizard mumbles some strange words.
The orc wizard flickers and vanishes for a moment.
The orc closely misses you.
The orc wizard hits you with a +2 dagger of draining.
You feel drained.
Jessica says, "I'm really upset."
The orc hits you with a +0 dagger.
The orc wizard points at you and mumbles some strange words.
The magic dart hits you.
A rat comes into view.
The orc hits you with a +0 hand axe.
You feel less confused.
You have got your breath back.
The orc barely misses you.
The orc wizard hits you with a +2 dagger of draining.
You feel drained. The orc hits you with a +0 hand axe.
1777 ||| INVOKING Spit Poison.
Aiming: Spit Poison (1% risk of failure)
Press: ? - help, Shift-Dir - straight line, f/p - orc wizard The splash of poison hits the orc wizard.
You kill the orc wizard!
The orc barely misses you. The orc hits you with a +0 hand axe.
Jessica hits you with a +0 dagger.
Your Fighting skill increases to level 3!
You shoot an arrow. The arrow barely misses the orc wizard.
The orc hits you with a +0 dagger. The orc wizard barely misses you.
The orc hits you with a +0 hand axe. Jessica closely misses you.
You shoot an arrow. The arrow hits the orc wizard.
The orc wizard is moderately wounded.
The orc misses you.
The orc wizard hits you with a +0 dagger of draining.
You feel drained. The orc hits you with a +0 hand axe.
You die...

...... .....
#......##.#... .
.###.#............. .##
..##.#.....#?......
...###..................
..................).r...
#..#............)......
##.............@o......
#[............@oo......
##.##...................
........................
...###......%.).....###.
####.............#...# #
#..##.........)..#.#
#..# ##.##............
#..#####.##.........#.#


You could see an orc wizard (invisible), Jessica, 2 orcs and a rat.

Vanquished Creatures
  An orc wizard (D:3)
  An adder (D:2)
  A worm (D:2)
  A dart slug (D:1)
  An orc (D:3)
  5 ball pythons
  5 endoplasms
  2 giant cockroaches (D:3)
  4 goblins
  9 hobgoblins
  4 kobolds
  5 quokkas
  4 bats
  5 frilled lizards
  7 rats
55 creatures vanquished.

Notes
Turn   | Place    | Note
-------+----------+-------------------------------------------
     0 | D:1      | qw the Naga Hunter began the quest for the Orb.
     0 | D:1      | Reached XP level 1. HP: 19/19 MP: 1/1
     0 | D:1      | 0 ||| qw: Version: 0.3-a-9-g12657ce
     0 | D:1      | 0 ||| qw: Game counter: 1236
     0 | D:1      | 0 ||| qw: Always use a shield: true
     0 | D:1      | 0 ||| qw: God list: Okawaru
     0 | D:1      | 0 ||| qw: Allow faded altars: false
     0 | D:1      | 0 ||| qw: Do Orc after D:15 true
     0 | D:1      | 0 ||| qw: Do second Lair branch before Depths: true
     0 | D:1      | 0 ||| qw: Lair rune preference: random
     0 | D:1      | 0 ||| qw: Plans: Normal
     0 | D:1      | 0 ||| PLANNING D:1-11
    39 | D:1      | 39 ||| INVOKING Spit Poison.
    46 | D:1      | 46 ||| INVOKING Spit Poison.
    54 | D:1      | 54 ||| INVOKING Spit Poison.
    58 | D:1      | 58 ||| INVOKING Spit Poison.
    61 | D:1      | Reached skill level 4 in Ranged Weapons
    61 | D:1      | Reached XP level 2. HP: 24/26 MP: 2/2
    63 | D:1      | 63 ||| INVOKING Spit Poison.
    91 | D:1      | 91 ||| INVOKING Spit Poison.
   149 | D:1      | Found Efimoer's Jewellery Emporium.
   154 | D:1      | 154 ||| SHOPLISTING ring of positive energy (240 gold, have
                  | 36).
   154 | D:1      | 154 ||| SHOPLISTING ring of resist corrosion (240 gold,
                  | have 36).
   154 | D:1      | 154 ||| SHOPLISTING ring of the Dropbear {rC+ Str+6} (600
                  | gold, have 36).
   154 | D:1      | 154 ||| SHOPLISTING ring of willpower (300 gold, have 36).
   162 | D:1      | 162 ||| INVOKING Spit Poison.
   228 | D:1      | 228 ||| INVOKING Spit Poison.
   304 | D:1      | 304 ||| INVOKING Spit Poison.
   336 | D:1      | 336 ||| INVOKING Spit Poison.
   368 | D:1      | 368 ||| INVOKING Spit Poison.
   376 | D:1      | 376 ||| INVOKING Spit Poison.
   377 | D:1      | 377 ||| INVOKING Spit Poison.
   379 | D:1      | Reached XP level 3. HP: 32/32 MP: 3/3
   381 | D:1      | 381 ||| INVOKING Spit Poison.
   512 | D:1      | 512 ||| INVOKING Spit Poison.
   519 | D:1      | 519 ||| INVOKING Spit Poison.
   556 | D:1      | 556 ||| INVOKING Spit Poison.
   585 | D:1      | 585 ||| INVOKING Spit Poison.
   590 | D:1      | 590 ||| INVOKING Spit Poison.
   789 | D:1      | 789 ||| READING 2 scrolls labelled RAKUIRESCHA.
   790 | D:1      | 790 ||| DROPPING scroll of fear.
   791 | D:1      | 791 ||| DROPPING scroll of butterflies.
   917 | D:2      | 917 ||| INVOKING Spit Poison.
   999 | D:2      | 999 ||| INVOKING Spit Poison.
  1000 | D:2      | 1000 ||| INVOKING Spit Poison.
  1069 | D:2      | 1069 ||| INVOKING Spit Poison.
  1252 | D:2      | 1252 ||| INVOKING Spit Poison.
  1390 | D:2      | 1390 ||| INVOKING Spit Poison.
  1625 | D:2      | Reached skill level 5 in Ranged Weapons
  1629 | D:2      | 1629 ||| UPGRADING to +0 helmet.
  1634 | D:2      | 1634 ||| UPGRADING to amulet of regeneration.
  1639 | D:2      | 1639 ||| READING scroll labelled HIOVOUTOKI.
  1640 | D:2      | 1640 ||| READING scroll labelled ZOSKOMU OLEA.
  1644 | D:2      | 1644 ||| DRINKING 2 sedimented green potions.
  1678 | D:3      | Reached XP level 4. HP: 39/39 MP: 4/4
  1685 | D:3      | 1685 ||| INVOKING Spit Poison.
  1691 | D:3      | 1691 ||| INVOKING Spit Poison.
  1696 | D:3      | 1696 ||| INVOKING Spit Poison.
  1711 | D:3      | 1711 ||| INVOKING Spit Poison.
  1726 | D:3      | 1726 ||| INVOKING Spit Poison.
  1730 | D:3      | 1730 ||| INVOKING Spit Poison.
  1735 | D:3      | 1735 ||| INVOKING Spit Poison.
  1740 | D:3      | 1740 ||| INVOKING Spit Poison.
  1746 | D:3      | 1746 ||| INVOKING Spit Poison.
  1751 | D:3      | 1751 ||| INVOKING Spit Poison.
  1754 | D:3      | 1754 ||| INVOKING Spit Poison.
  1764 | D:3      | Noticed Jessica
  1765 | D:3      | 1765 ||| INVOKING Spit Poison.
  1770 | D:3      | 1770 ||| INVOKING Spit Poison.
  1777 | D:3      | 1777 ||| INVOKING Spit Poison.
  1778 | D:3      | Reached skill level 3 in Fighting
  1778 | D:3      | HP: 8/41 [orc/+0 dagger (4)]
  1779 | D:3      | Slain by an orc

Levels and vault maps discovered:
D:1:      lemuel_arrival_tunnels, layout_loops_ring, serial_shops, shop
D:2:      layout_loops_corners
D:3:      layout_rooms, st_stairs_2, uniq_robin, uniq_jessica

Skill      XL: |  1  2  3  4 |
---------------+-------------+-----
Ranged Weapons | 4 5 |  5.0
Fighting       | 3 |  3.0
Dodging        | |  1.5
Stealth        | |  1.5

Action                     |  1- 3 |  4- 6 || total
---------------------------+-------+-------++-------
   Fire: Shortbow          |    57 |    42 ||    99
Ability: Spit Poison       |    23 |    14 ||    37
    Use: Scroll            |     3 |       ||     3
         Potion            |     1 |       ||     1
 Armour: Leather armour    |     1 |    10 ||    11
  Dodge: Dodged            |     5 |    23 ||    28

Table legend:
 A = Non-vault XP
 B = Vault XP
 C = Vault XP percentage of total XP
 D = Non-vault monster count
 E = Vault monster count
 F = Vault count percentage of total count
                 A         B        C        D         E       F
            +---------+---------+-------+---------+---------+-------
      Total |     132 |       7 |   5.0 |      50 |       5 |   9.1
            +---------+---------+-------+---------+---------+-------
        D:1 |      53 |       0 |   0.0 |      31 |       0 |   0.0
        D:2 |      28 |       0 |   0.0 |       8 |       0 |   0.0
        D:3 |      51 |       7 |  12.1 |      11 |       5 |  31.2
            +---------+---------+-------+---------+---------+-------
